 Dungeon Crawl Stone Soup version 0.28-a0-612-gcfc00ec14d (webtiles) character file.

Game seed: 7236962504707000392

522 pokedragonboy the Conjurer (level 7, -4/36 HPs)
             Began as a Deep Elf Conjurer on Oct 6, 2021.
             Slain by a wraith (10 damage)
             ... in an ossuary.
             The game lasted 00:09:32 (4390 turns).

pokedragonboy the Conjurer (Deep Elf Conjurer)      Turns: 4390, Time: 00:09:33

Health: -4/36      AC:  3    Str:  4    XL:     7   Next: 1%
Magic:  15/26      EV: 12    Int: 25    God:
Gold:   161        SH:  0    Dex: 13    Spells: 6/17 levels left

rFire   . . .      SeeInvis .   k - +0 dagger (elec)
rCold   . . .      Faith    .   (no shield)
rNeg    . . .      Spirit   .   a - +0 robe
rPois   .          Reflect  .   (no helmet)
rElec   .          Harm     .   (no cloak)
rCorr   .          Rampage  .   g - +0 pair of gloves
Will    .....                   (no boots)
Stlth   ++........              (no amulet)
HPRegen 0.12/turn               n - ring of magical power
MPRegen 0.20/turn               (no ring)

@: slowed, very slow
A: no striking features
a: no special abilities


You were in an ossuary.
You visited 1 branch of the dungeon, and saw 5 of its levels.
You also visited: Ossuary.

You collected 197 gold pieces.
You spent 36 gold pieces at shops.

Inventory:

Hand Weapons
 k - a +0 dagger of electrocution (weapon)
Armour
 a - a +0 robe (worn)
 g - a +0 pair of gloves (worn)
Jewellery
 c - a ring of ice
 n - a ring of magical power (left hand)
Scrolls
 b - a scroll of vulnerability {unknown}
 f - a scroll of noise {unknown}
 h - 3 scrolls of identify {unknown}
 j - a scroll of holy word {unknown}
 o - 4 scrolls of teleportation
 r - a scroll of amnesia {unknown}
 t - a scroll of magic mapping {unknown}
Potions
 d - 4 potions of might {unknown}
 e - 7 potions of curing {unknown}
 i - a potion of attraction {unknown}
 l - 2 potions of degeneration {unknown}
 m - 5 potions of heal wounds {unknown}
 p - a potion of lignification {unknown}
 q - a potion of magic {unknown}
 s - a potion of resistance {unknown}


   Skills:
 - Level 2.4 Dodging
 - Level 2.4 Stealth
 + Level 5.8 Spellcasting
 * Level 7.6 Conjurations
 * Level 3.4 Hexes


You had 6 spell levels left.
You knew the following spells:

 Your Spells              Type           Power      Damage    Failure   Level
a - Magic Dart            Conj           100%       1d8       1%          1
b - Searing Ray           Conj           90%        2d7       1%          2
c - Fulminant Prism       Conj/Hex       17%        3d11      8%          4
d - Iskenderun's Mystic   Conj/Tloc      26%        2d7       16%         4

Your spell library contained the following spells:

 Spells                   Type           Power      Damage    Failure   Level
 Slow                     Hex            24%        N/A       2%          2
 Dazzling Flash           Conj/Hex       70%        N/A       2%          3
 Confusing Touch          Hex            24%        N/A       5%          3
 Yara's Violent Unravell  Hex/Tmut       8%         3d5       71%         5


Dungeon Overview and Level Annotations

Branches:
Dungeon (5/15)            Ossuary (1/1)
 Temple: D:4-7

Altars:
Cheibriados
Elyvilon
Kikubaaqudgha
Zin

Shops:
D:1 ((([*   D:3 ?


Message History

You finish channelling your searing ray.
The wraith closely misses you.
Casting: Searing Ray (safe; 1% risk of failure)
Confirm with . or Enter, or press ? or * to list all spells.
Aiming: Searing Ray (safe; 1% risk of failure)
Press: ? - help, Shift-Dir - straight line, f/p - wraith
Aim: a wraith (moderately damaged, 82% to hit)
The searing ray hits the wraith!
The wraith is heavily damaged. (Press . to maintain the ray.)
The wraith hits you!
The searing ray hits the wraith but does no damage.
The wraith is heavily damaged.
The wraith barely misses you.
The searing ray hits the wraith but does no damage.
The wraith is heavily damaged.
The wraith hits you. The wraith drains your vigour!
You feel yourself slow down.
The searing ray hits the wraith but does no damage.
The wraith is heavily damaged.
You finish channelling your searing ray.
The wraith hits you. The wraith completely misses you.
Casting: Searing Ray (safe; 1% risk of failure)
Confirm with . or Enter, or press ? or * to list all spells.
Aiming: Searing Ray (safe; 1% risk of failure)
Press: ? - help, Shift-Dir - straight line, f/p - wraith
Aim: a wraith (heavily damaged, 82% to hit)
The searing ray hits the wraith.
The wraith is heavily damaged. (Press . to maintain the ray.)
The wraith hits you. The wraith drains your vigour!
You feel as though you will be slow longer.
The searing ray hits the wraith!
The wraith is almost destroyed.
The wraith hits you!
* * * LOW HITPOINT WARNING * * *
The wraith drains your vigour!
You feel as though you will be slow longer.
The wraith hits you!
You die...

#..####.......#'#.......###
#.............#.#..........
#..........................
#..####..####.....####..###
#..#?'...#.'...8...'.#...+
#..####..####.....####..###
#..........................
#........W....#.#..........
#..####...@...#'#.......###
#..# +....8...#.#...8....'.
#..####.......###.......###
#..........................
#........#.#..#.#..#.#.....
#..####..#+#..#'#..#'#..###
#..#.'...# #..#.#..#.#...+
#..####..###..###..###..###
#..........................


You could see a wraith.

Vanquished Creatures
  A necrophage (D:5)
  A phantom (D:4)
  An elf zombie (Ossuary)
  3 hounds
  A human zombie (Ossuary)
  A scorpion zombie (D:5)
  A mummy (Ossuary)
  5 adders
  A white imp (D:5)
  An ufetubus (D:5)
  A dart slug (D:2)
  6 orcs
  6 endoplasms
  2 giant cockroaches
  3 goblins
  4 hobgoblins
  8 jackals
  5 kobolds
  4 quokkas
  5 ball pythons
  2 frilled lizards
  2 goblin zombies (Ossuary)
  3 hobgoblin zombies (Ossuary)
  5 kobold zombies (Ossuary)
  9 rats
81 creatures vanquished.

Notes
Turn   | Place    | Note
-------+----------+-------------------------------------------
     0 | D:1      | pokedragonboy the Deep Elf Conjurer began the quest for the
                  | Orb.
     0 | D:1      | Reached XP level 1. HP: 10/10 MP: 6/6
   196 | D:1      | Reached XP level 2. HP: 15/15 MP: 6/8
   297 | D:1      | Found Gucluom's General Store.
   310 | D:1      | Noticed a golden eye
   312 | D:1      | Found a faded altar of an unknown god.
   313 | D:1      | Noticed a floating eye
   313 | D:1      | Noticed a great orb of eyes
   313 | D:1      | Noticed a golden eye
   335 | D:1      | Learned a level 2 spell: Searing Ray
   522 | D:1      | Found Zaijotom's Armour Shoppe.
   528 | D:1      | Reached skill level 5 in Conjurations
   677 | D:1      | Found Iqefyss Zionn's Antique Weapon Shoppe.
   756 | D:1      | Found Peigim's Antique Weapon Boutique.
   833 | D:1      | Found Jiedghelu's Antique Weapon Shoppe.
  1086 | D:2      | Reached XP level 3. HP: 19/19 MP: 5/10
  1622 | D:3      | Found Heub's Magic Scroll Shoppe.
  1635 | D:3      | Bought a scroll of teleportation for 36 gold pieces
  1813 | D:3      | Reached XP level 4. HP: 22/24 MP: 12/12
  1869 | D:3      | Noticed a torpor snail
  1872 | D:3      | Found a snail-covered altar of Cheibriados.
  1872 | D:3      | Noticed a torpor snail
  2039 | D:3      | Noticed a torpor snail
  2093 | D:3      | Found a white marble altar of Elyvilon.
  2129 | D:3      | Found an ancient bone altar of Kikubaaqudgha.
  2495 | D:4      | Noticed a phantom
  2503 | D:4      | Killed a phantom
  2504 | D:4      | Reached skill level 6 in Conjurations
  2504 | D:4      | Reached XP level 5. HP: 28/28 MP: 13/14
  2640 | D:4      | Learned a level 4 spell: Fulminant Prism
  2829 | D:4      | Reached skill level 5 in Spellcasting
  2899 | D:4      | Found a glowing silver altar of Zin.
  2992 | D:4      | Reached skill level 1 in Hexes
  3297 | D:4      | Learned a level 4 spell: Iskenderun's Mystic Blast
  3310 | D:5      | Entered Level 5 of the Dungeon
  3396 | D:5      | Reached XP level 6. HP: 32/32 MP: 15/15
  3498 | D:5      | Reached skill level 7 in Conjurations
  3554 | D:5      | Found a sand-covered staircase.
  3727 | Ossuary  | Entered an ossuary
  3727 | Ossuary  | Noticed a wraith
  3727 | Ossuary  | Noticed a wraith
  3727 | Ossuary  | Noticed a wraith
  4215 | Ossuary  | Reached XP level 7. HP: 18/36 MP: 17/17
  4376 | Ossuary  | Noticed a wraith
  4390 | Ossuary  | Slain by a wraith

Illustrated notes

Levels and vault maps discovered:
D:1:      lightli_arrival_boilingwater, layout_basic, serial_shops, shop,
          nicolae_shop_waterfront, shop, shop, nicolae_shop_stone,
          hellmonk_ecumenical_altar_watching_god
D:2:      layout_rooms
D:3:      layout_rooms, general_overflow_altar, cheibriados_altar_2,
          mainiacjoe_overflow_surrounded_room, serial_shops,
          nicolae_shop_statue_plus, serial_rivers,
          chequers_serial_rivers_small_a, chequers_serial_rivers_small_3,
          chequers_serial_rivers_micro_d, chequers_serial_rivers_small_b,
          chequers_serial_rivers_small_b, chequers_serial_rivers_small_a,
          chequers_serial_rivers_large_b, kennysheep_generic_room_4
D:4:      layout_cave_pools, zin_scriptorium
D:5:      layout_basic, chequers_ossuary_entry_cave, nicolae_shop_gadgets,
          uniq_prince_ribbit1
Ossuary:  ossuary_kennysheep_city_of_the_dead

Skill      XL: |  1  2  3  4  5  6 |
---------------+-------------------+-----
Conjurations   | 5 6 7 |  7.6
Spellcasting   | 4 5 |  5.8
Hexes          | 1 3 |  3.4
Dodging        | |  2.4
Stealth        | |  2.4

Action                   |  1- 3 |  4- 6 |  7- 9 || total
-------------------------+-------+-------+-------++-------
Melee: Dagger            |       |     2 |       ||     2
 Cast: Magic Dart        |    68 |    59 |       ||   127
       Searing Ray       |     1 |    25 |     3 ||    29
Armor: Robe              |     2 |     8 |       ||    10
Dodge: Dodged            |     2 |    27 |     5 ||    34

Table legend: (Time is in decaauts)
 A = Elapsed time spent in this place.
 B = Non-inter-level travel time spent in this place.
 C = Inter-level travel time spent in this place.
 D = Time resting spent in this place.
 E = Time spent auto-exploring this place.
 F = Levels seen in this place.
 G = Mean time per level.
                   A        B        C        D        E       F      G
               +--------+--------+--------+--------+--------+-----+--------+
         Total |   4432 |   4339 |     93 |    735 |   3025 |   6 |  738.7 |
       Dungeon |   3769 |   3676 |     93 |    484 |   2701 |   5 |  753.8 |
       Ossuary |    663 |    663 |      0 |    251 |    324 |   1 |  663.0 |
               +--------+--------+--------+--------+--------+-----+--------+

Top non-repeatable levels by time:
     D:3: 961 daAuts
     D:1: 875 daAuts
     D:4: 796 daAuts
     D:2: 718 daAuts
 Ossuary: 663 daAuts
     D:5: 416 daAuts
